 Dungeon Crawl Stone Soup version 0.30-a0-920-g7493c07aab (webtiles) character file.

Game seed: 8478474167983384517

107 qeuew the Trooper (level 4, -4/37 HPs)
             Began as a Demonspawn Monk on Mar 21, 2023.
             Splashed by a jelly's acid (8 damage)
             ... on level 4 of the Dungeon.
             The game lasted 00:03:41 (2496 turns).

qeuew the Trooper (Demonspawn Monk)                 Turns: 2496, Time: 00:03:43

Health: -4/37      AC:  0    Str: 14    XL:     4   Next: 56%
Magic:  4/4        EV: 11    Int: 11    God:
Gold:   48         SH:  0    Dex: 15    Spells: 3/3 levels left

rFire   . . .      SeeInvis +    a - +0 mace
rCold   . . .      Faith    .    (no shield)
rNeg    . . .      Spirit   .    d - +0 ring mail
rPois   .          Reflect  .    (no helmet)
rElec   .          Rampage  .    (no cloak)
rCorr   .                        (no gloves)
Will    .....                    (no boots)
Stlth   +                        (no amulet)
HPRegen 0.26/turn                i - ring of see invisible
MPRegen 0.09/turn                (no ring)

@: corroded
A: molten scales 1, powered by death 1
a: no special abilities


You were on level 4 of the Dungeon.
You visited 1 branch of the dungeon, and saw 4 of its levels.

You collected 72 gold pieces.
You spent 24 gold pieces at shops.

Inventory:

Hand Weapons
 a - a +0 mace (weapon)
Armour
 d - a +0 ring mail (worn)
Jewellery
 i - a ring of see invisible (left hand)
Scrolls
 m - a scroll of teleportation
Potions
 b - 2 potions of curing
 c - 2 potions of ambrosia
 e - a potion of might
 f - 2 potions of haste
 g - a potion of heal wounds
 h - a potion of brilliance


   Skills:
 + Level 3.7 Fighting
 + Level 3.3 Maces & Flails
 + Level 1.7 Armour
 + Level 3.3 Dodging
 - Level 1.7 Stealth


You had 3 spell levels left.
You didn't know any spells.
Your spell library contained the following spells:

 Spells                   Type           Power      Damage    Failure   Level
 Cigotuvi's Dreadful Rot  Necr/Pois/Air  0%         N/A       71%         2
 Gell's Gravitas          Tloc           0%         N/A       91%         3
 Teleport Other           Tloc           0%         N/A       91%         3
 Dispel Undead            Necr           0%         3d6       100%        4
 Death Channel            Necr           0%         N/A       100%        6
 Dispersal                Tloc           0%         N/A       100%        6


Dungeon Overview and Level Annotations

Branches:
Dungeon (4/15)
 Temple: D:4-7

Altars:

Shops:
D:1 *   D:3 *


Innate Abilities, Weirdness & Mutations

You are partially covered in molten scales. (AC +2)
You regenerate a little health from kills.


Message History

An endoplasm is nearby!
The endoplasm hits you but does no damage.
You barely miss the endoplasm. The endoplasm barely misses you.
You hit the endoplasm.
You kill the endoplasm!
No target in view!
No target in view!
No target in view!
No target in view!
A jelly comes into view.
A jelly is nearby!
A jelly is nearby!
Found a stone staircase leading up.
The helpless jelly fails to defend itself.
You hit the jelly. The acid corrodes you!
Your hands burn!
The jelly is lightly wounded.
The jelly closely misses you.
You barely miss the jelly.
The jelly is lightly wounded.
The jelly closely misses you.
You hit the jelly but do no damage.
Your hands burn!
The jelly is lightly wounded.
The jelly closely misses you.
You hit the jelly.
Your hands burn!
The jelly is heavily wounded.
The jelly hits you. The acid corrodes you!
You are splashed with acid!
You are too injured to fight recklessly!
You are too injured to fight recklessly!
You are too injured to fight recklessly!
A jelly is nearby!
A jelly is nearby!
You are too injured to fight recklessly!
You barely miss the jelly.
The jelly is heavily wounded.
The jelly hits you.
You are splashed with acid!
* * * LOW HITPOINT WARNING * * *
The jelly hits you.
* * * LOW HITPOINT WARNING * * *
You are splashed with acid!
You die...

#.#
###########.#
#...........#
#.###########
#.#.. <..
#.#.####..
#.#.#...
#.#.#.#####.##
#.......@....#
###.#....J..##
............#
#.#.##########
#.#.# # ..#
####


You could see a jelly.

Vanquished Creatures
  A hound (D:4)
  2 adders
  4 bats
  3 endoplasms
  2 giant cockroaches
  6 goblins
  5 hobgoblins
  10 jackals
  8 kobolds
  3 quokkas
  3 ball pythons
  2 frilled lizards
  5 rats
54 creatures vanquished.

Notes
Turn   | Place    | Note
-------+----------+-------------------------------------------
     0 | D:1      | qeuew the Demonspawn Monk began the quest for the Orb.
     0 | D:1      | Reached XP level 1. HP: 18/18 MP: 1/1
    58 | D:1      | Gained mutation: You are partially covered in molten
                  | scales. (AC +2) [demonic ancestry]
    58 | D:1      | Reached XP level 2. HP: 20/24 MP: 2/2
   222 | D:1      | Found Cerph's General Store.
   227 | D:1      | Reached skill level 1 in Armour
   243 | D:1      | Bought a scroll of identify for 24 gold pieces
   284 | D:1      | Reached XP level 3. HP: 28/29 MP: 3/3
   301 | D:1      | Found a faded altar of an unknown god.
  1293 | D:3      | Identified the +0 ring mail of Dinoew {rF+ MP+9}
  1479 | D:3      | Gained mutation: You regenerate a little health from kills.
                  | [demonic ancestry]
  1479 | D:3      | Reached XP level 4. HP: 34/35 MP: 4/4
  1821 | D:3      | Found Myseh's Assorted Antiques.
  2496 | D:4      | Splashed by a jelly's acid

Illustrated notes

Levels and vault maps discovered:
D:1:      tarquinn_simple_flora_water_f, layout_rooms,
          shapermc_ecumenical_altar_starsandcircs, serial_shops,
          nicolae_square_shop, serial_rivers, chequers_serial_rivers_room_b,
          chequers_serial_rivers_room_b, chequers_serial_rivers_small_3,
          chequers_serial_rivers_micro_c, item_on_display_a
D:2:      layout_loops_ring
D:3:      layout_loops_ring, serial_shops, nicolae_shop_behind_doors,
          st_stairs_7, minmay_strange_pillars
D:4:      minmay_chambers_of_threes, layout_basic,
          mainiacjoe_overflow_small_starburst

Skill      XL: |  1  2 |
---------------+-------+-----
Maces & Flails | 3 |  3.3
Dodging        | 3 |  3.3
Armour         | 1 |  1.7
Fighting       | |  3.7
Stealth        | |  1.7

Action                     |  1- 3 |  4- 6 || total
---------------------------+-------+-------++-------
  Melee: Mace              |   169 |    48 ||   217
         Punch             |     1 |       ||     1
    Use: Scroll            |     5 |     3 ||     8
         Potion            |     1 |     1 ||     2
   Stab: Sleeping          |     2 |     2 ||     4
 Armour: Robe              |     7 |       ||     7
         Ring mail         |    84 |    16 ||   100
  Dodge: Dodged            |   127 |    23 ||   150

Table legend: (Time is in decaauts)
 A = Elapsed time spent in this place.
 B = Non-inter-level travel time spent in this place.
 C = Inter-level travel time spent in this place.
 D = Time resting spent in this place.
 E = Time spent auto-exploring this place.
 F = Levels seen in this place.
 G = Mean time per level.
                   A        B        C        D        E       F      G
               +--------+--------+--------+--------+--------+-----+--------+
         Total |   2557 |   2486 |     71 |    100 |   1909 |   4 |  639.2 |
       Dungeon |   2557 |   2486 |     71 |    100 |   1909 |   4 |  639.2 |
               +--------+--------+--------+--------+--------+-----+--------+

Top non-repeatable levels by time:
     D:3: 955 daAuts
     D:2: 748 daAuts
     D:1: 535 daAuts
     D:4: 317 daAuts
